 Dungeon Crawl Stone Soup version 0.27-a0-1193-g8631133539 (webtiles) character file.

Game seed: 1801233082272382926

74 Delamore the Cudgeller (level 4, -1/29 HPs)
             Began as a Gargoyle Monk on May 26, 2021.
             Slain by a kobold brigand
             ... wielding a +0 short sword
              (4 damage)
             ... on level 3 of the Dungeon.
             The game lasted 00:01:55 (1935 turns).

Delamore the Cudgeller (Gargoyle Monk)              Turns: 1935, Time: 00:01:56

Health: -1/29      AC:  5    Str: 15    XL:     4   Next: 30%
Magic:  4/4        EV: 12    Int: 11    God:
Gold:   70         SH:  0    Dex: 12    Spells: 3/3 levels left

rFire    + . .     SeeInvis .   a - +0 mace
rCold    + . .     Faith    .   (no shield)
rNeg     + . .     Spirit   .   h - +0 robe {rC+ rF+}
rPois    ∞         Reflect  .   (no helmet)
rElec    +         Harm     .   (no cloak)
rCorr    .         Rampage  .   (no gloves)
Will     +....                  (no boots)
Stlth    ++........             (no amulet)
HPRegen  0.09/turn              g - ring of willpower
MPRegen  0.09/turn              (no ring)

@: no status effects
A: sickness immunity, AC +3, negative energy resistance 1, electricity
resistance, torment resistance 1, petrification resistance
a: no special abilities


You were on level 3 of the Dungeon.
You visited 1 branch of the dungeon, and saw 3 of its levels.

You collected 70 gold pieces.

Inventory:

Hand Weapons
 a - a +0 mace (weapon)
Missiles
 c - a silver javelin (quivered)
Armour
 b - a +0 robe
 h - a +0 robe of resistance (worn)
Jewellery
 d - an amulet of faith
 f - a ring of fire
 g - a ring of willpower (left hand)
Scrolls
 i - a scroll of noise
 j - 3 scrolls of acquirement {unknown}
Potions
 e - a potion of degeneration


   Skills:
 + Level 4.1 Fighting
 * Level 4.4 Maces & Flails
 - Level 2.4 Dodging
 - Level 2.1 Stealth


You had 3 spell levels left.
You didn't know any spells.
Your spell library contained the following spells:

 Spells                   Type           Power      Damage    Failure   Level
 Foxfire                  Conj/Fire      0%         2x1d4     34%         1
 Conjure Flame            Conj/Fire      0%         6-21      71%         3
 Inner Flame              Hex/Fire       0%         N/A       71%         3
 Sticky Flame             Conj/Fire      0%         2d3       98%         4
 Fireball                 Conj/Fire      0%         3d3       100%        5


Dungeon Overview and Level Annotations

Branches:
Dungeon (3/15)

Altars:


Innate Abilities, Weirdness & Mutations

You are immune to sickness and miasma.
Your stone body is resilient. (AC +3)
You are immune to poison.
You resist negative energy. (rN+)
You are resistant to electric shocks. (rElec)
You are resistant to unholy torment.
You are immune to petrification.


Message History

You throw a silver javelin.
The silver javelin closely misses the kobold brigand.
The kobold brigand throws a poisoned dart.
The poisoned dart hits you!
You throw a silver javelin.
The silver javelin pierces through the kobold brigand but does no damage.
The kobold brigand is moderately wounded.
The kobold brigand throws a poisoned dart.
The poisoned dart misses you.
The kobold brigand hits you with a +0 short sword.
You miss the kobold brigand.
The kobold brigand is moderately wounded.
The kobold brigand hits you with a +0 short sword.
You hit the kobold brigand but do no damage.
The kobold brigand is moderately wounded.
The kobold brigand hits you but does no damage.
You hit the kobold brigand.
The kobold brigand is moderately wounded.
The kobold brigand misses you.
The kobold brigand hits you with a +0 short sword.
You closely miss the kobold brigand.
The kobold brigand is moderately wounded.
The kobold brigand hits you with a +0 short sword.
You are too injured to fight recklessly!
You hit the kobold brigand.
The kobold brigand is heavily wounded.
The kobold brigand completely misses you.
You hit the kobold brigand but do no damage.
The kobold brigand is heavily wounded.
The kobold brigand closely misses you.
You hit the kobold brigand.
The kobold brigand is heavily wounded.
The kobold brigand hits you with a +0 short sword!
* * * LOW HITPOINT WARNING * * *
Okay, then.
Unknown command.
You hit the kobold brigand but do no damage.
The kobold brigand is heavily wounded.
The kobold brigand hits you with a +0 short sword.
You die...

###.# #... #.... ....
### #... .(.# ..# #..#
#†.##### #.# #..#
##...... #.# #..# .....
#.# ###..# #K.# #.#
#....#####@.# ######.##
#.##........###.......#
#.#######.....#.####..#
#.# #.....# #....# #.#
#.....# #.##.# #.#
#...$.#.##.##.#
#.#######.....#.....>.#
#......###########.####
######.###########....#


You could see a kobold brigand.

Vanquished Creatures
  2 adders (D:2)
  A worm (D:2)
  4 dart slugs
  4 bats
  4 endoplasms
  6 giant cockroaches
  2 goblins (D:1)
  3 hobgoblins
  2 quokkas
  4 ball pythons (D:1)
  A frilled lizard (D:2)
  4 kobolds
  5 rats
42 creatures vanquished.

Notes
Turn   | Place    | Note
-------+----------+-------------------------------------------
     0 | D:1      | Delamore the Gargoyle Monk began the quest for the Orb.
     0 | D:1      | Reached XP level 1. HP: 14/14 MP: 1/1
   211 | D:1      | Reached XP level 2. HP: 18/19 MP: 2/2
   350 | D:1      | Found a faded altar of an unknown god.
   375 | D:1      | Reached XP level 3. HP: 8/24 MP: 3/3
  1559 | D:2      | Reached XP level 4. HP: 24/29 MP: 4/4
  1920 | D:3      | Noticed a kobold brigand
  1935 | D:3      | Slain by a kobold brigand

Illustrated notes

Levels and vault maps discovered:
D:1:      zelgadis_glass_arrival_small, layout_rooms,
          hellmonk_ecumenical_altar_arch_garden
D:2:      layout_loops_ring, kennysheep_nub
D:3:      layout_loops_cross, grunt_ministairs_5

Skill      XL: |  1  2  3 |
---------------+----------+-----
Maces & Flails | 4 |  4.4
Fighting       | 4 |  4.1
Dodging        | |  2.4
Stealth        | |  2.1

Action                   |  1- 3 |  4- 6 || total
-------------------------+-------+-------++-------
Melee: Mace              |   102 |    13 ||   115
Throw: Javelin           |    12 |     5 ||    17
  Use: Scroll            |       |     2 ||     2
 Stab: Sleeping          |     2 |     1 ||     3
Armor: Robe              |    32 |     2 ||    34
Dodge: Dodged            |    73 |     9 ||    82

Table legend: (Time is in decaauts)
 A = Elapsed time spent in this place.
 B = Non-inter-level travel time spent in this place.
 C = Inter-level travel time spent in this place.
 D = Time resting spent in this place.
 E = Time spent auto-exploring this place.
 F = Levels seen in this place.
 G = Mean time per level.
                   A        B        C        D        E       F      G
               +--------+--------+--------+--------+--------+-----+--------+
         Total |   1966 |   1942 |     24 |    428 |   1176 |   3 |  655.3 |
       Dungeon |   1966 |   1942 |     24 |    428 |   1176 |   3 |  655.3 |
               +--------+--------+--------+--------+--------+-----+--------+

Top non-repeatable levels by time:
     D:2: 1024 daAuts
     D:1: 846 daAuts
     D:3: 95 daAuts
